Unix NetHack Version 5.0.0-0 post-release - last build Jun 10 2026 00:39:30 (3ee93aec679c4c4259841fe613dc97188e26a321,branch:main).

Game began 2026-07-06 03:59:25, ended 2026-07-06 04:37:51.

Brudee, chaotic female human Rogue

                                     .
                                  ---#-----
                       o           .......
     .-                            -*.....
     -.                            |......
      .                       o    |......
     --.-    |                      ......
     |...-  .|               oo      ...*.--
      -...--.|                       .... .
        -.<[.|                o       o..0.o
        --..--      0|       o    oo --...--
         --.--      .|       o      o|..o..|
         --..|      .|      ooo      |.@f..|
        --...--    |.|       oo    oo|..o..|
        |..[...####..|o      o       |0....|
        |....--    |.|o       -- --- ----h-- -------
        |..---     |[|         .0. 0...............0
        ---        |.-----------#-------.---- ---------- -
                   |.................o...*...............
                   -----------------------
Brudee the Rogue        St:25 Dx:16 Co:16 In:11 Wi:11 Ch:13  Chaotic S:2198
Dlvl:6  $:88 HP:0(43) Pw:27(27) AC:3  Xp:6/465 T:1894 

Latest messages:
 Uhaiagor of Thosaihaiu picks up an uncursed orcish dagger.
 You kill Uhaiagor of Thosaihaiu!
 A clear potion lands on the altar.
 It misses Ogza of Thosaihaiu.
 Autopickup: OFF.
 Sparky misses Ogza of Thosaihaiu.
 Sparky bites the Uruk-hai.
 Sparky misses the Uruk-hai.
 Ogulu of Thosaihaiu wields a curved sword!
 Sparky misses the Uruk-hai.
 Sparky misses the Uruk-hai.
 The Uruk-hai throws a dagger!
 The dagger hits Sparky.
 Ogulu of Thosaihaiu picks up an uncursed orcish dagger.
 The Uruk-hai picks up a dagger.
 You kill Ogulu of Thosaihaiu!
 Sparky eats a hill orc corpse named Ogulu of Thosaihaiu.
 The Uruk-hai wields a dagger!
 You swap places with Sparky.
 There is an altar to Kos (chaotic) here.
 There are several objects here.
 You see here a cleric corpse.
 The Uruk-hai picks up an iron skull cap.
 You kill the Uruk-hai!
 There is an altar to Kos (chaotic) here.
 There are many objects here.
 Unahaia of Thosaihaiu suddenly appear!
 The air crackles around Ogza of Thosaihaiu.
 You hit Ogza of Thosaihaiu!
 Ogza of Thosaihaiu points at you, then curses.
 You kill Ogza of Thosaihaiu!
 The orc-captain wields a curved sword!
 Sparky eats an orc shaman corpse named Ogza of Thosaihaiu.
 The air crackles around Ogzogakh of Thosaihaiu.
 The orc-captain picks up a pair of hard shoes.
 In what direction? n
 The dagger hits the orc-captain!
 The orc-captain swings her curved sword.
 The orc-captain misses!
 The orc-captain swings her curved sword.
 The orc-captain hits!
 In what direction? n
 You feel more confident in your weapon skills.
 The dagger hits the orc-captain!
 The orc-captain swings her curved sword.
 The orc-captain hits!
 The orc-captain swings her curved sword.
 The orc-captain hits again!
 You die...
 Do you want your possessions identified? [ynq] (y) q

Inventory:
 Coins    ('$')
  $ - 88 gold pieces
 Amulets  ('"')
  L - an uncursed amulet versus poison
 Weapons  (')')
  b - a +0 dagger
  f - 14 +0 daggers (at the ready)
  U - the +0 Sting (weapon in right hand, gleaming light blue)
  a - a +0 short sword (alternate weapon; not wielded)
 Armor    ('[')
  t - an uncursed +0 orcish helm (being worn)
  D - an uncursed +1 pair of gauntlets of dexterity
  F - an uncursed +0 pair of gauntlets of power (being worn)
  H - an uncursed +0 pair of jumping boots (being worn)
  w - an uncursed +0 shield of drain resistance (being worn)
  x - an uncursed +0 cloak of magic resistance
  B - an uncursed +0 cloak of protection (being worn)
  C - an uncursed +0 elven cloak
 Comestibles  ('%')
  R - 2 uncursed food rations
  k - an uncursed tripe ration
 Scrolls  ('?')
  W - an uncursed scroll of confuse monster
  T - an uncursed scroll of identify
 Potions  ('!')
  g - 2 uncursed potions of hallucination
 Rings    ('=')
  M - an uncursed ring of invisibility
  V - an uncursed ring of levitation
  j - a cursed ring of teleportation
 Wands    ('/')
  n - a wand of slow monster (0:8)
 Tools    ('(')
  i - an uncursed sack containing 10 items
  e - an uncursed lock pick
  K - a +0 pick-axe
 Gems/Stones  ('*')
  o - an uncursed worthless piece of orange glass
  p - an uncursed worthless piece of red glass
  Q - an uncursed worthless piece of white glass

Contents of the sack:
  an uncursed scroll of light
  an uncursed scroll of destroy armor
  a cursed scroll of destroy armor
  a blessed scroll of gold detection
  an uncursed scroll of fire
  a cursed scroll of identify
  an uncursed potion of gain ability
  an uncursed potion of gain energy
  an uncursed potion of extra healing
  an uncursed potion of sickness

Brudee the Rogue's attributes:

Background:
 You were a Rogue, level 6 female human.
 You were chaotic, on a mission for Kos
 who was opposed by Issek (lawful) and Mog (neutral).
 You were right-handed.
 You were in the Gnomish Mines, on level 6.
 You entered the dungeon 1894 turns ago.
 It was nighttime.
 You had 465 experience points, 175 more were needed to attain level 7.
 Your score was 2198 before end-of-game adjustments.

Basics:
 You had 0 out of 43 hit points.
 You had all 27 energy points (spell power).
 Your armor class was 3.
 Your wallet contained 88 zorkmids.
 Autopickup was off.

Final Characteristics:
 Your strength was 25 (base:10, innate limit:18/100).
 Your dexterity was 16 (peak:17, limit:18).
 Your constitution was 16 (limit:18).
 Your intelligence was 11 (limit:18).
 Your wisdom was 11 (limit:18).
 Your charisma was 13 (limit:18).

Final Status:
 You weren't hungry.
 You were unencumbered.
 You were wielding a dagger.
 You had basic skill with dagger and could have enhanced that.

Final Attributes:
 You were devoutly aligned.
 You were level-drain resistant.
 You were aware of the presence of orcs.
 You were stealthy.
 You could jump.
 You were protected.
 You were lucky.
 You are dead.

Miscellaneous:
 You didn't encounter any bones levels.
 Total elapsed playing time was 38 minutes and 25 seconds.

Major events:
 Turn
    1: Brudee the chaotic female human Rogue entered the dungeon
 1093: attained the rank of Cutpurse (level 3)
 1103: entered the Gnomish Mines
 1537: became literate by naming Sting
 1595: attained the rank of Rogue (level 6)
 1712: reached Mine Town
 1894: killed by an orc-captain

You didn't know any spells.

Skills:
 Fighting Skills
   bare handed combat [Unskilled]
   two weapon combat  [Unskilled]
   riding             [Unskilled]
 Weapon Skills
   dagger             [Basic]
   knife              [Unskilled]
   short sword        [Basic]
   broadsword         [Unskilled]
   long sword         [Unskilled]
   two-handed sword   [Unskilled]
   saber              [Unskilled]
   club               [Unskilled]
   mace               [Unskilled]
   morning star       [Unskilled]
   flail              [Unskilled]
   hammer             [Unskilled]
   polearms           [Unskilled]
   spear              [Unskilled]
   crossbow           [Unskilled]
   dart               [Unskilled]
   shuriken           [Unskilled]
 Spellcasting Skills
   divination spells  [Unskilled]
   escape spells      [Unskilled]
   matter spells      [Unskilled]

Voluntary challenges:
 Character rerolling was not enabled.
 You never genocided any monsters.
 You never polymorphed an object.
 You never changed form.
 You used no wishes.
Achievements:
 You entered a shop.
 You attained the rank of Cutpurse.
 You entered the Gnomish Mines.
 You attained the rank of Rogue.
 You entered Minetown.

 The Dungeons of Doom: levels 1 to 3
    Level 1:
       Some fountains.
    Level 2:
       An armor shop.
       Stairs down to The Gnomish Mines.
    Level 3:
 The Gnomish Mines: levels 3 to 6
    Level 3:
    Level 4:
    Level 5:
    Level 6: <- You were here.
       An altar to Kos.
       Final resting place for
          you, killed by an orc-captain.


Vanquished creatures:
 an Uruk-hai
 an orc shaman
  5 gnome leaders
  a gnomish wizard
  5 dwarves
  6 hill orcs
  2 hobbits
  5 giant rats
  a brown mold
  a yellow mold
  a green mold
 18 gnomes
  a gecko
  3 jackals
  2 kobolds
  4 goblins
  a sewer rat
  4 grid bugs
  3 lichens
  2 newts
67 creatures vanquished.

No species were genocided or became extinct.

Game over:
                       ----------
                      /          \
                     /    REST    \
                    /      IN      \
                   /     PEACE      \
                  /                  \
                  |      Brudee      |
                  |      88 Au       |
                  |   killed by an   |
                  |   orc-captain    |
                  |                  |
                  |                  |
                  |       2026       |
                 *|     *  *  *      | *
        _________)/\\_//(\/(/\)/\//\/|_)_______

Goodbye Brudee the Rogue...

You died in The Gnomish Mines on dungeon level 6 with 2190 points,
and 88 pieces of gold, after 1894 moves.
You were level 6 with a maximum of 43 hit points when you died.

